 Dungeon Crawl Stone Soup version 0.23-a0-208-gb6b040f (webtiles) character file.

22493 Felrender the Carver (level 12, -2/103 HPs)
             Began as a Demonspawn Fighter on Sept 24, 2018.
             Was a Priest of Trog.
             Slain by a hornet (9 damage)
             ... on level 12 of the Dungeon.
             The game lasted 00:39:25 (13142 turns).

Felrender the Carver (Demonspawn Fighter)          Turns: 13142, Time: 00:39:26

Health: -2/103     AC: 21    Str: 25    XL:     12   Next: 63%
Magic:  0/12       EV:  9    Int: 16    God:    Trog [***...]
Gold:   450        SH:  0    Dex: 12    Spells: 11/11 levels left

rFire    + . .     SeeInvis +   F - +6 glaive of Defiance {chop, rElec Int+6}
rCold    . . .     Gourm    +   (shield currently unavailable)
rNeg     + . .     Faith    .   a - +0 plate armour
rPois    .         Spirit   +   w - +0 helmet
rElec    +         Reflect  .   B - +2 cloak {MR+}
rCorr    .         Harm     .   (no gloves)
MR       +++..     Rnd*Rage +   (no boots) Stlth ..........Rnd*Tele +
                                z - amulet of the gourmand
HPRegen  1.27/turn              o - +3 ring of strength
MPRegen  0.13/turn              u - ring of the Madman {rN+ Slay+3 SInv}

@: lethally poisoned (-2 -> -3), flying, regenerating, slowed, very slow
A: claws 2, slimy green scales 2, berserk 1, fire resistance 1, robust 1,
teleportitis 1, evolution 1, magic shield, flame cloud immunity
a: Berserk, Trog's Hand, Renounce Religion


You were on level 12 of the Dungeon.
You worshipped Trog.
Trog was most pleased with you.
You were very full.

You visited 2 branches of the dungeon, and saw 13 of its levels.

You collected 810 gold pieces.
You spent 360 gold pieces at shops.

Inventory:

Hand Weapons
 d - a +1 falchion of slicing
 n - a +3 hunting sling
 s - a +2 double sword of slicing
 A - a +0 war axe of freezing
 C - a +2 lajatang of protection
 F - the +6 glaive of Defiance (weapon) {chop, rElec Int+6}
   (You took it off a crimson imp on level 11 of the Dungeon)

   It inflicts extra damage upon your enemies.
   It affects your intelligence (+6).
   It insulates you from electricity.
 R - a +1 great mace of protection
Missiles
 e - 12 tomahawks
 G - 4 silver tomahawks
 K - 6 poisoned javelins
 M - 7 javelins of penetration (quivered)
Armour
 a - a +0 plate armour (worn)
 k - a +0 large shield
 t - a +2 scale mail of fire resistance
 w - a +0 helmet (worn)
 B - a +2 cloak of magic resistance (worn)
 E - the +3 robe of Action {rN+ rCorr Str+4, unknown}
   (You found it on level 9 of the Dungeon)

   It affects your strength (+4).
   It protects you from negative energy.
   It provides partial protection from all sources of acid and corrosion.
 P - a cursed +0 cloak
Magical Staves
 y - an uncursed staff of wizardry {unknown}
Jewellery
 b - an uncursed ring of poison resistance
 g - an uncursed ring of wizardry {unknown}
 h - a +3 amulet of reflection
 i - an uncursed amulet of rage
 o - a +3 ring of strength (left claw)
 u - the ring of the Madman (right claw) {rN+ Slay+3 SInv}
   (You found it on level 9 of the Dungeon)

   [ring of see invisible]

   It affects your accuracy and damage with ranged weapons and melee attacks
   (+3).
   It protects you from negative energy.
   It lets you see invisible.
 x - an uncursed ring of stealth {unknown}
 z - an amulet of the gourmand (around neck)
 H - a +6 ring of intelligence {unknown}
 I - an uncursed ring of magical power {unknown}
 N - an uncursed amulet of harm {unknown}
 O - a cursed -2 ring of evasion {unknown}
 Q - an uncursed ring of stealth {unknown}
Wands
 c - a wand of scattershot (11)
 j - a wand of polymorph (12)
 D - a wand of enslavement (13)
 J - a wand of flame (39)
Scrolls
 m - 5 scrolls of remove curse
 p - a scroll of amnesia
 q - 8 scrolls of teleportation
 r - 2 scrolls of fog
 v - a scroll of magic mapping
 L - a scroll of enchant weapon
Comestibles
 f - 19 rations


   Skills:
 + Level 8.9 Fighting
 + Level 12.2 Long Blades
 - Level 1.5 Maces & Flails
 * Level 1.2 Polearms
 + Level 2.8 Throwing
 + Level 8.2 Armour
 + Level 4.7 Dodging
 + Level 0.6 Stealth
 + Level 9.5 Shields


You had 11 spell levels left.
You didn't know any spells.
Your spell library was empty.

Dungeon Overview and Level Annotations

Branches:
Dungeon (12/15)            Temple (1/1) D:4            Lair (0/6) D:9
    Orc (0/2) D:9

Altars:
Ashenzari
Cheibriados
Dithmenos
Elyvilon
Fedhas
Gozag
Hepliaklqana
Kikubaaqudgha
Makhleb
Nemelex Xobeh
Okawaru
Qazlal
Ru
Sif Muna
Trog
Uskayaw
Vehumet
Wu Jian
Xom
Yredelemnul
Zin
The Shining One

Shops:
D:5 =   D:7 [


Innate Abilities, Weirdness & Mutations

You have very sharp fingernails.
You are mostly covered in slimy green scales. (AC +3)
Your flesh is heat resistant. (rF+)
When hurt, damage is shared between your health and your magic reserves.
You are immune to clouds of flame.
You tend to lose your temper in combat.
You are robust. (+10% HP)
You are occasionally teleported next to monsters.
You evolve.


Message History

You feel very sick. The hornet closely misses you.
The hornet stings you but does no damage.
The hornet stings you!
* * * LOW HITPOINT WARNING * * *
You feel as though you will be slow longer.
You hit the hornet.
The hornet is severely wounded.
You feel very sick. The hornet misses you.
The hornet stings you but does no damage.
The hornet stings you!
* * * LOW HITPOINT WARNING * * *
You feel as though you will be slow longer.
The hornet stings you but does no damage.
You feel very buoyant.
You fly up into the air.
You feel the effects of Trog's Hand fading.
You feel sick. The hornet stings you!
You die...

###..#..........>......
)..<...........(.......
(..####............#...
#....##............###
#(.#.................#
##(..#..........l#####
##..###.##.##.##C#
...## # #.. #.##y#
.#...# ...# #.##@#
<###...### #.##.# .#
#...# ###.##.# .#
#.#..# #.. #.#
.###.##.. #.# #.#.
......##.##.# ##..#
.##....#....###...# .#
##.##.........# .#
###......##....#


You could see a cyclops, a hornet and an iguana.

Vanquished Creatures
  A fire dragon (D:9)
  Erolcha (D:11)
  Harold (D:7)
  A centaur warrior (D:10)
  3 two-headed ogres
  2 tengu warriors (D:11)
  An unseen horror (D:9)
  Pikel (D:7)
  A necromancer (D:9)
  A deep elf mage (D:12)
  2 ugly things
  Maurice (D:9)
  2 centaur zombies (D:11)
  Psyche (D:11)
  2 kobold demonologists
  The ghost of pokeman the Magician, a novice DEWz (D:4)
  2 trolls (D:10)
  4 hippogriffs
  2 wyverns
  3 hungry ghosts
  11 yaks
  A human (D:11)
  An acid dragon (D:9)
  7 orc warriors
  5 sky beasts
  A black bear (D:11)
  A hornet zombie (D:10)
  5 ogres
  4 phantoms
  17 centaurs
  19 big kobolds (D:8)
  Blork the orc (D:4)
  A gnoll sergeant (D:6)
  11 bullfrogs
  4 scorpions
  17 killer bees
  3 wights (D:11)
  9 howler monkeys
  3 crimson imps
  A bullfrog zombie (D:12)
  5 hounds
  2 quasits
  11 orc priests
  5 jellies
  9 orc wizards
  Crazy Yiuf (D:7)
  2 bullfrog skeletons
  A centaur skeleton (D:5)
  Natasha (thrice) (D:2)
  3 iguanas
  10 worker ants
  A hound zombie (D:6)
  2 hound skeletons
  A worker ant zombie (D:4)
  10 gnolls
  A howler monkey skeleton (D:4)
  16 adders
  A shadow imp (D:5)
  2 white imps (D:11)
  An ooze (D:4)
  3 adder skeletons
  3 worms (D:2)
  3 dart slugs
  7 leopard geckos
  49 orcs
  6 bats
  3 giant cockroaches (D:4)
  12 goblins
  9 hobgoblins
  8 jackals
  16 kobolds
  3 quokkas
  A ball python (D:1)
  11 frilled lizards
  A jackal skeleton (D:6)
  A quokka skeleton (D:4)
  10 rats
  2 fungi (D:3)
390 creatures vanquished.

Vanquished Creatures (collateral kills)
  2 wights (D:11)
  3 crimson imps (D:11)
  A shadow imp (D:11)
  A white imp (D:11)
7 creatures vanquished.

Grand Total: 397 creatures vanquished

Notes
Turn   | Place    | Note
-------+----------+-------------------------------------------
     0 | D:1      | Felrender the Demonspawn Fighter began the quest for the
                  | Orb.
     0 | D:1      | Reached XP level 1. HP: 18/18 MP: 1/1
    60 | D:1      | Gained mutation: When hurt, damage is shared between your
                  | health and your magic reserves. [demonic ancestry]
    60 | D:1      | Reached XP level 2. HP: 21/24 MP: 2/2
    90 | D:1      | Reached skill level 2 in Long Blades
   297 | D:1      | Gained mutation: You are partially covered in slimy green
                  | scales. (AC +2) [demonic ancestry]
   297 | D:1      | Reached XP level 3. HP: 10/29 MP: 1/3
   923 | D:2      | Noticed Natasha
   929 | D:2      | Killed Natasha
   929 | D:2      | Gained mutation: Your flesh is heat resistant. (rF+)
                  | [demonic ancestry]
   929 | D:2      | Reached XP level 4. HP: 25/35 MP: 4/4
   952 | D:2      | Noticed Natasha
   974 | D:2      | Killed Natasha
   974 | D:2      | Reached skill level 3 in Long Blades
  1114 | D:2      | Reached XP level 5. HP: 30/41 MP: 5/5
  1299 | D:2      | Noticed Natasha
  1323 | D:2      | Killed Natasha
  2083 | D:3      | Found a shadowy altar of Dithmenos.
  2235 | D:3      | Gained mutation: You have sharp fingernails. [demonic
                  | ancestry]
  2235 | D:3      | Reached XP level 6. HP: 46/48 MP: 6/6
  2324 | D:3      | Reached skill level 4 in Long Blades
  2722 | D:4      | Reached skill level 1 in Dodging
  2828 | D:4      | Noticed Blork the orc
  2867 | D:4      | Killed Blork the orc
  2867 | D:4      | Reached skill level 1 in Throwing
  2867 | D:4      | Gained mutation: You have very sharp fingernails. [demonic
                  | ancestry]
  2867 | D:4      | Reached XP level 7. HP: 23/53 MP: 3/7
  3211 | D:4      | Found a transporter.
  3212 | D:4      | Noticed pokeman's ghost (novice DEWz)
  3223 | D:4      | Found a transporter.
  3325 | D:4      | Killed pokeman's ghost
  3325 | D:4      | Reached skill level 5 in Long Blades
  3900 | D:4      | Found a staircase to the Ecumenical Temple.
  3919 | Temple   | Entered the Ecumenical Temple
  4059 | Temple   | Became a worshipper of Trog the Wrathful
  4122 | D:5      | Entered Level 5 of the Dungeon
  4177 | D:5      | Gained mutation: You are immune to clouds of flame.
                  | [demonic ancestry]
  4177 | D:5      | Reached XP level 8. HP: 54/61 MP: 8/8
  4432 | D:5      | Identified a scroll of acquirement
  4574 | D:5      | Found Toeck's Jewellery Boutique.
  4580 | D:5      | Bought an uncursed amulet of the gourmand for 360 gold
                  | pieces
  4600 | D:5      | Reached skill level 6 in Long Blades
  4798 | D:5      | Reached skill level 5 in Armour
  4860 | D:5      | Found a glowing golden altar of the Shining One.
  5205 | D:6      | Reached skill level 5 in Fighting
  5212 | D:6      | Reached * piety under Trog
  5632 | D:6      | Reached skill level 7 in Long Blades
  5884 | D:6      | Reached XP level 9. HP: 68/68 MP: 9/9
  6072 | D:7      | Gained mutation: You are occasionally teleported next to
                  | monsters. [potion of mutation]
  6072 | D:7      | Gained mutation: You are resistant to electric shocks.
                  | (rElec) [potion of mutation]
  6547 | D:7      | Reached skill level 5 in Shields
  6571 | D:7      | Noticed Harold
  6572 | D:7      | Found an opulent altar of Gozag.
  6593 | D:7      | Killed Harold
  6593 | D:7      | Reached skill level 8 in Long Blades
  6868 | D:7      | Reached ** piety under Trog
  7182 | D:7      | Found Zaigeog's Armour Emporium.
  7251 | D:7      | Found a runed door.
  7300 | D:7      | Noticed Pikel
  7311 | D:7      | Killed Pikel
  7311 | D:7      | Reached XP level 10. HP: 77/77 MP: 10/10
  7573 | D:7      | Noticed Crazy Yiuf
  7575 | D:7      | Killed Crazy Yiuf
  7797 | D:8      | Noticed a white ugly thing
  7820 | D:8      | Killed a white ugly thing
  7820 | D:8      | Reached skill level 9 in Long Blades
  8235 | D:8      | Noticed a smoke demon
  8428 | D:8      | Reached *** piety under Trog
  8440 | D:8      | Reached skill level 10 in Long Blades
  8915 | D:9      | Noticed Maurice
  8929 | D:9      | Found a staircase to the Orcish Mines.
  8946 | D:9      | Killed Maurice
  8946 | D:9      | Reached XP level 11. HP: 67/84 MP: 8/11
  9077 | D:9      | Noticed a two-headed ogre
  9090 | D:9      | Killed a two-headed ogre
  9108 | D:9      | Noticed a fire dragon
  9109 | D:9      | Found a staircase to the Lair.
  9324 | D:9      | Killed a fire dragon
  9579 | D:9      | Found a burning altar of Makhleb.
  9703 | D:9      | HP: 4/84 [something (4)]
  9707 | D:9      | Killed an unseen horror
 10155 | D:9      | Noticed a necromancer
 10163 | D:9      | Killed a necromancer
 10173 | D:9      | Got a clouded silver ring
 10178 | D:9      | Got a fine robe
 10409 | D:10     | Entered Level 10 of the Dungeon
 10551 | D:10     | Identified the ring of the Madman {rN+ Slay+3 SInv} (You
                  | found it on level 9 of the Dungeon)
 10783 | D:10     | Reached **** piety under Trog
 10868 | D:10     | Reached skill level 11 in Long Blades
 11019 | D:10     | Noticed a centaur warrior
 11029 | D:10     | Killed a centaur warrior
 11203 | D:11     | Noticed a two-headed ogre
 11257 | D:11     | Got a smoking glaive {chop}
 11368 | D:11     | Noticed Psyche
 11381 | D:11     | Killed Psyche
 11381 | D:11     | Gained mutation: You are mostly covered in slimy green
                  | scales. (AC +3) [demonic ancestry]
 11381 | D:11     | Reached XP level 12. HP: 91/92 MP: 12/12
 11442 | D:11     | Received a gift from Trog
 11647 | D:11     | Noticed Erolcha
 11658 | D:11     | Noticed a tengu warrior
 11660 | D:11     | Noticed a tengu warrior
 11664 | D:11     | Killed Erolcha
 11688 | D:11     | Killed a tengu warrior
 11708 | D:11     | Killed a tengu warrior
 11751 | D:11     | Killed a two-headed ogre
 11752 | D:11     | Received a gift from Trog
 11909 | D:11     | Lost mutation: You are resistant to electric shocks.
                  | (rElec) [potion of mutation]
 11909 | D:11     | Gained mutation: You are robust. (+10% HP) [potion of
                  | mutation]
 11909 | D:11     | Gained mutation: You tend to lose your temper in combat.
                  | [potion of mutation]
 11909 | D:11     | Gained mutation: You evolve. [potion of mutation]
 12380 | D:12     | Reached skill level 12 in Long Blades
 12401 | D:12     | Noticed an eight-headed hydra
 12609 | D:11     | Identified the +6 glaive of Defiance {chop, rElec Int+6}
                  | (You took it off a crimson imp on level 11 of the Dungeon)
 12659 | D:12     | Noticed a two-headed ogre
 12665 | D:12     | Killed a two-headed ogre
 12703 | D:12     | Reached skill level 1 in Maces & Flails
 12854 | D:12     | Reached skill level 1 in Polearms
 13142 | D:12     | Slain by a hornet

Vault maps used:
D:1:      scummos_arrival_checkerplants
D:2:      minmay_tromino_v2, uniq_natasha
D:3:      first_ration, minmay_gold_behind_fungi,
          nicolae_dithmenos_shadow_blocks
D:4:      minmay_temple_entry_fiery, gammafunk_ghost_mausoleum,
          uniq_blork_the_orc
D:5:      serial_shops, shop_statue, tso_metal_star
D:6:      serial_column_ruins, column_ruins_open_tiny,
          column_ruins_columns_corner, column_ruins_open_tiny_water,
          column_ruins_grid_1
D:7:      nicolae_gozag_seed_capital, serial_shops, shop,
          uniq_crazy_yiuf_cottage, uniq_pikel, uniq_harold
D:8:      kennysheep_blocky_room, special_room
D:9:      minmay_shrinking_squares, overflow_temple_1_default,
          minmay_lair_entry_lava, orc_david_3, uniq_maurice
D:10:     evilmike_surprise_oklob
D:11:     grunt_pizzeria, minmay_nine_imps, uniq_psyche, uniq_erolcha
D:12:     hangedman_decor_push, kennysheep_generic_room_2
Temple:   regret_index_temple_chain_breaker

Skill      XL: |  1  2  3  4  5  6  7  8  9 10 11 12 |
---------------+-------------------------------------+-----
Long Blades    | 2 3 4 5 7 8 10 11 12 | 12.2
Armour         | 3 4 5 6 7 8 |  8.2
Shields        | 3 4 5 7 8 9 |  9.5
Dodging        | 1 2 3 4 |  4.7
Throwing       | 1 2 |  2.8
Fighting       | 4 5 6 7 8 |  8.9
Maces & Flails | 1 |  1.5
Polearms       | 1 |  1.2
Stealth        | |  0.6

Action                   |  1- 3 |  4- 6 |  7- 9 | 10-12 || total
-------------------------+-------+-------+-------+-------++-------
Melee: Long sword        |   121 |   266 |   146 |       ||   533
       Double sword      |       |       |   207 |   702 ||   909
       Glaive            |       |       |       |    44 ||    44
       Great mace        |       |       |       |    20 ||    20
Throw: Tomahawk          |       |    26 |    15 |    16 ||    57
Invok: Trog's Hand       |       |       |       |    16 ||    16
       Berserk           |       |       |       |     6 ||     6
       Brothers in Arms  |       |       |       |     3 ||     3
  Use: Scroll            |     8 |     6 |     7 |     7 ||    28
       Potion            |       |     8 |    13 |    11 ||    32
 Stab: Invisible         |       |       |       |     1 ||     1
  Eat: Ration            |       |     1 |     2 |       ||     3
       Chunk             |       |     4 |    28 |    50 ||    82
Armor: Scale mail        |    67 |    79 |   171 |   115 ||   432
       Skin              |       |    25 |       |    29 ||    54
       Plate armour      |       |       |       |   423 ||   423
Dodge: Dodged            |    57 |    67 |   143 |   229 ||   496
Block: Shield            |    62 |   179 |   185 |       ||   426
       Reflection        |       |     1 |       |       ||     1
       Large shield      |       |       |    60 |   705 ||   765
       Rpst.: Long sword |    21 |    24 |    17 |       ||    62
       Double sword      |       |       |    24 |    25 ||    49

Table legend:
 A = Non-vault XP
 B = Vault XP
 C = Vault XP percentage of total XP
 D = Non-vault monster count
 E = Vault monster count
 F = Vault count percentage of total count
                 A         B        C        D         E       F
            +---------+---------+-------+---------+---------+-------
      Total |   21289 |   10845 |  33.7 |     327 |      68 |  17.2
            +---------+---------+-------+---------+---------+-------
        D:1 |      52 |       0 |   0.0 |      30 |       0 |   0.0
        D:2 |     174 |      37 |  17.5 |      27 |       2 |   6.9
        D:3 |     195 |       0 |   0.0 |      29 |       0 |   0.0
        D:4 |     433 |     461 |  51.6 |      27 |       5 |  15.6
        D:5 |     681 |       0 |   0.0 |      14 |       0 |   0.0
        D:6 |     865 |       0 |   0.0 |      23 |       0 |   0.0
        D:7 |    1660 |    1621 |  49.4 |      32 |       3 |   8.6
        D:8 |     984 |    3274 |  76.9 |      26 |      34 |  56.7
        D:9 |    2162 |    3000 |  58.1 |      25 |       9 |  26.5
       D:10 |    4824 |       0 |   0.0 |      31 |       0 |   0.0
       D:11 |    6343 |    1804 |  22.1 |      36 |      12 |  25.0
       D:12 |    2916 |     648 |  18.2 |      27 |       3 |  10.0
            +---------+---------+-------+---------+---------+-------
